 Dungeon Crawl Stone Soup version 0.31-a0-1074-g0b22e4e0f1 (webtiles) character file.

Game seed: 218170371631312345

100 tbh1313 the Digger (level 4, 0/24 HPs)
             Began as a Gargoyle Earth Elementalist on Dec 8, 2023.
             Slain by an orc wizard
             ... wielding a +0 dagger
              (3 damage)
             ... on level 3 of the Dungeon.
             The game lasted 00:09:02 (2407 turns).

tbh1313 the Digger (Gargoyle Earth Elementalist)    Turns: 2407, Time: 00:09:02

Health: 0/24       AC:  5    Str: 11    XL:     4   Next: 74%
Magic:  1/7        EV: 12    Int: 18    God:
Gold:   54         SH:  0    Dex: 10    Spells: 4/8 levels left

rFire   . . .        l - staff of conjuration
rCold   . . .        (no shield)
rNeg    + . .        a - +0 robe
rPois   ∞            h - +0 hat
rElec   +            (no cloak)
rCorr   .            (no gloves)
SInv    .            (no boots)
Will    .....        (no amulet)
Stlth   ++           (no ring)
HPRegen 0.24/turn    (no ring)
MPRegen 0.10/turn

%: no passive effects
@: about to teleport
A: sickness immunity, AC +3, negative energy resistance 1, electricity
resistance, torment resistance 1, petrification resistance
a: no special abilities


You were on level 3 of the Dungeon.
You visited 1 branch of the dungeon, and saw 3 of its levels.

You collected 138 gold pieces.
You spent 84 gold pieces at shops.

Inventory:

Hand Weapons
 e - a +0 dagger
Armour
 a - a +0 robe (worn)
 f - a +0 pair of boots
 h - a +0 hat (worn)
Magical Staves
 l - a staff of conjuration (weapon)
Scrolls
 d - 5 scrolls of teleportation
 m - a scroll of amnesia
Potions
 b - a potion of magic
 c - 2 potions of enlightenment
 g - a potion of mutation


   Skills:
 + Level 2.2 Dodging
 - Level 2.1 Stealth
 + Level 2.6 Spellcasting
 - Level 1.4 Transmutations
 * Level 5.0 Earth Magic


You had 4 spell levels left.
You knew the following spells:

 Your Spells              Type           Power      Damage    Failure   Level
a - Sandblast             Erth           40%        2d10      2%          1
b - Stone Arrow           Conj/Erth      34%        3d9       19%         3

Your spell library contained the following spells:

 Spells                   Type           Power      Damage    Failure   Level
 Passwall                 Tmut/Erth      11%        N/A       7%          2
 Ensorcelled Hibernation  Hex/Ice        4%         N/A       26%         2
 Jinxbite                 Hex            4%         N/A       26%         2
 Petrify                  Tmut/Erth      14%        N/A       41%         4
 Ozocubu's Armour         Ice            2%         N/A       45%         3
 Brom's Barrelling Bould  Conj/Erth      17%        2d4       52%         4
 Anguish                  Hex/Necr       1%         N/A       86%         4
 Ozocubu's Refrigeration  Ice            1%         4d7       100%        7


Dungeon Overview and Level Annotations

Branches:
Dungeon (3/15)

Altars:

Shops:
D:2 ?


Innate Abilities, Weirdness & Mutations

You are immune to sickness and miasma.
Your stone body is resilient. (AC +3)
You are immune to poison.
You resist negative energy. (rN+)
You are resistant to electric shocks. (rElec)
You are resistant to unholy torment.
You are immune to petrification.


Message History

The orc wizard hits you but does no damage. x2
Casting: Sandblast (safe; 2% risk of failure)
Confirm with . or Enter, or press ? or * to list all spells.
Aiming: Sandblast (safe; 2% risk of failure)
Press: ? - help, Shift-Dir - straight line, f/p - orc wizard
Aim: an orc wizard, wielding a +0 dagger and wearing a +0 robe (77% to hit)
The blast of sand hits the orc wizard!
The orc wizard is severely wounded.
The orc wizard closely misses you.
Casting: Sandblast (safe; 2% risk of failure)
Confirm with . or Enter, or press ? or * to list all spells.
Aiming: Sandblast (safe; 2% risk of failure)
Press: ? - help, Shift-Dir - straight line, f/p - orc wizard
Aim: an orc wizard, wielding a +0 dagger and wearing a +0 robe (severely wounded, 77% to hit)
The blast of sand hits the orc wizard.
You kill the orc wizard!
The orc wizard hits you but does no damage.
The orc wizard closely misses you. The orc barely misses you.
Your Earth Magic skill increases to level 5!
Casting: Sandblast (safe; 2% risk of failure)
Confirm with . or Enter, or press ? or * to list all spells.
Aiming: Sandblast (safe; 2% risk of failure)
Press: ? - help, Shift-Dir - straight line, f - orc
Aim: an orc, wielding a +0 war axe and wearing a +0 chain mail (87% to hit)
The blast of sand hits the orc but does no damage.
The orc wizard barely misses you. The orc hits you with a +0 war axe.
Casting: Sandblast (safe; 2% risk of failure)
Confirm with . or Enter, or press ? or * to list all spells.
Aiming: Sandblast (safe; 2% risk of failure)
Press: ? - help, Shift-Dir - straight line, f/p - orc
Aim: an orc, wielding a +0 war axe and wearing a +0 chain mail (87% to hit)
The blast of sand hits the orc but does no damage.
The orc wizard hits you but does no damage.
The orc hits you with a +0 war axe! The orc wizard misses you.
The orc hits you with a +0 war axe!
* * * LOW HITPOINT WARNING * * *
As you read the scroll of teleportation, it crumbles to dust.
You feel strangely unstable.
The orc wizard hits you with a +0 dagger.
You die...

.# #+ #.# ...
###.### ....
#.>...# .....
#.#.#.#
...o..###.....#
.....oo..o....# #
......###oo...# #
..... #@#.#.# #
.... #.....# # ...
###.### # #+# #.#
# #.# #.# # #.#
#.# # ##.## #.# #
#####...#### #.# #
#..........#####.#


You could see an orc priest, an orc wizard and an orc.

Levels and vault maps discovered:
D:1:      elethiomel_arrival_shortcut, layout_basic, minivault_14
D:2:      layout_basic, serial_shops, shop, st_stairs_8
D:3:      layout_loops_corners, serial_shops, nicolae_shop_mannequins,
          amcnicky_mini_pool_small

Notes
Turn   | Place    | Note
-------+----------+-------------------------------------------
     0 | D:1      | tbh1313 the Gargoyle Earth Elementalist began the quest for
                  | the Orb.
     0 | D:1      | Reached XP level 1. HP: 10/10 MP: 3/3
   110 | D:1      | Reached skill level 1 in Transmutations
   110 | D:1      | Reached XP level 2. HP: 15/15 MP: 3/5
   157 | D:1      | Reached skill level 4 in Earth Magic
   409 | D:1      | Reached XP level 3. HP: 17/19 MP: 2/6
  1023 | D:2      | Identified a scroll of acquirement
  1023 | D:2      | Acquired a staff of conjuration
  1151 | D:2      | Learned a level 3 spell: Stone Arrow
  1339 | D:2      | Found Giufo's Magic Scroll Shoppe.
  1402 | D:2      | Bought a scroll of amnesia for 56 gold pieces
  1402 | D:2      | Bought a scroll of identify for 28 gold pieces
  1545 | D:2      | Reached XP level 4. HP: 15/24 MP: 0/7
  2405 | D:3      | Reached skill level 5 in Earth Magic
  2407 | D:3      | Slain by an orc wizard

Table legend: (Time is in decaauts)
 A = Elapsed time spent in this place.
 B = Non-inter-level travel time spent in this place.
 C = Inter-level travel time spent in this place.
 D = Time resting spent in this place.
 E = Time spent auto-exploring this place.
 F = Levels seen in this place.
 G = Mean time per level.
                   A        B        C        D        E       F      G
               +--------+--------+--------+--------+--------+-----+--------+
         Total |   2445 |   2354 |     91 |    263 |   1798 |   3 |  815.0 |
       Dungeon |   2445 |   2354 |     91 |    263 |   1798 |   3 |  815.0 |
               +--------+--------+--------+--------+--------+-----+--------+

Top non-repeatable levels by time:
     D:2: 1213 daAuts
     D:1: 904 daAuts
     D:3: 327 daAuts

Table legend:
 A = Kills in this place as a percentage of kills in the entire game.
 B = Kills by you in this place as a percentage of kills by you in the entire game.
 C = Kills by friends in this place as a percentage of kills by friends in the entire game.
 D = Other kills in this place as a percentage of other kills in the entire game.
 E = Experience gained in this place as a percentage of experience gained in the entire game.
 F = Experience gained in this place divided by the number of levels of this place that you have seen.
                   A       B       C       D       E      F
               +-------+-------+-------+-------+-------+----------------------
         Total | 100.0 | 100.0 |   N/A |   N/A | 100.0 |  48.0
       Dungeon | 100.0 | 100.0 |   N/A |   N/A | 100.0 |  48.0
               +-------+-------+-------+-------+-------+----------------------

Action                     |  1- 3 |  4- 6 || total
---------------------------+-------+-------++-------
  Melee: Dagger            |    13 |       ||    13
         Staff             |     2 |       ||     2
   Cast: Sandblast         |    58 |    18 ||    76
    Use: Scroll            |     4 |     5 ||     9
 Armour: Robe              |    29 |    10 ||    39
  Dodge: Dodged            |    27 |     5 ||    32

Vanquished Creatures
  An orc wizard (D:3)
  An adder (D:3)
  2 worms (D:2)
  4 dart slugs
  7 endoplasms
  3 giant cockroaches
  2 goblins
  3 hobgoblins
  2 jackals (D:1)
  7 kobolds
  A quokka (D:3)
  7 ball pythons
  6 bats (D:1)
  6 rats
52 creatures vanquished.
